AoeStats
← naphtaligrauer16

Fortress

510716590Analyzed
1v1 RM · 18h ago on Oct 2, 2026· 19m 39s· 2 players
Game mode
Random Map
Map size
Small (3 player)
Population
200
Speed
Normal
Resources
Standard
Victory
Conquest
Starting age
Dark Age
Ending age
Imperial Age
RankedLock teamsTeams togetherTeam positionsShared explorationLock speedFull tech treeHidden civsTurbo modeCheats
Victory
Defeat
🇨🇳 Celts · China
1577
+13
🇩🇪 Bohemians · Germany
1513
-13
AOE | Wu
7:12 Feudal Age
11:27 Castle Age
9:54 Double-Bit Axe
10:25 Horse Collar
12:28 Scale Mail Armor
12:53 Loom
14:09 Gold Mining
15:34 Bow Saw
18:24 Loom
20:23 Gold Shaft Mining
naphtaligrauer16
7:04 Feudal Age
10:45 Castle Age
9:06 Double-Bit Axe
9:19 Horse Collar
12:28 Bow Saw
13:18 Heavy Plow
Connection lost

Rejoining the realm…

Still unreachable

The connection could not be restored.

Session expired

The server has moved on; the page needs a fresh start.